 Dungeon Crawl Stone Soup version 0.14.1-2-gf595e19 (webtiles) character file.

25632 Indrah22 the Arsonist (level 12, -3/94 HPs)
             Began as a Red Draconian Healer on May 13, 2014.
             Was an Elder of Elyvilon.
             Slain by a seven-headed hydra (6 damage)
             ... on Level 7 of the Lair of Beasts on May 14, 2014.
             The game lasted 03:26:52 (25343 turns).

Indrah22 the Arsonist (Red Draconian Healer)       Turns: 25343, Time: 03:26:53

HP  -3/94        AC 15     Str 16      XL: 12   Next: 79%
MP  23/23        EV 15     Int 13      God: Elyvilon [****..]
Gold 1282        SH  0     Dex 14      Spells:  2 memorised, 10 levels left

rFire  + + .     SeeInvis .     s - +4,+2 morningstar
rCold  . . .     Clarity  .     (armour unavailable)
rNeg   . . .     Conserve .     (no shield)
rPois  .         rCorr    .     v - +2 hat
rElec  .         rRot     .     g - +2 cloak
SustAb + .       Spirit   .     J - +1 pair of gloves
rMut   .         Warding  .     (no boots)
Saprov . . .     Stasis   .     W - amulet of faith
MR     .....                    h - ring of sustain abilities
                                Z - ring of protection from fire

@: short of breath, about to teleport, protection, not resistant to hostile
enchantments, quite stealthy
A: breathe fire, unfitting armour, fire resistance 1, AC +8
a: Breathe Fire, Lesser Healing, Lesser Self-Healing, Divine Protection,
Purification, Greater Healing, Greater Self-Healing, Renounce Religion


You were on level 7 of the Lair of Beasts.
You worshipped Elyvilon.
Elyvilon was greatly pleased with you.
You were not hungry.

You visited 3 branches of the dungeon, and saw 18 of its levels.
You visited the Abyss 1 time.

You collected 1282 gold pieces.

Inventory:

Hand weapons
 e - a +3,+0 short sword of freezing
 m - a +2,+1 long sword of holy wrath
 q - a +2 blowgun
 s - a +4,+2 morningstar (weapon)
 x - a +2,+0 flail of protection
Missiles
 A - 3 tomahawks of returning (quivered)
 C - 10 tomahawks
 G - 2 steel tomahawks
 K - a curare-tipped needle
 R - 2 poisoned needles
Armour
 g - a +2 cloak (worn)
 v - a +2 hat (worn)
 J - a +1 pair of gloves (worn)
Magical devices
 f - a wand of magic darts (8)
 n - a wand of heal wounds (3)
 r - a wand of slowing (7)
 t - a wand of teleportation (3)
 y - a wand of cold (0)
 z - a wand of frost (0)
 E - a wand of disintegration (3)
 N - a wand of invisibility (4)
 P - a wand of polymorph (9)
Comestibles
 d - 8 bread rations
 u - 3 meat rations
 w - a chunk of quokka flesh
 I - 5 rotting chunks of sheep flesh
 Q - 3 chunks of elephant flesh
 S - 2 chunks of elephant flesh
Scrolls
 a - 2 scrolls of recharging
 b - 3 scrolls of magic mapping
 c - 2 scrolls of enchant weapon I
 i - 5 scrolls of remove curse
 B - a scroll of immolation
 H - 2 scrolls of teleportation
 M - 3 scrolls of identify
Jewellery
 h - a ring of sustain abilities (right hand)
 p - an uncursed ring of ice
 F - an uncursed ring of teleportation
 W - an amulet of faith (around neck)
 Z - a ring of protection from fire (left hand)
Potions
 j - a potion of invisibility
 k - 2 potions of haste
 l - 2 potions of porridge
 o - a potion of brilliance
 D - a potion of flight
 L - a potion of restore abilities
 O - a potion of degeneration {unknown}
Miscellaneous
 V - a plain deck of dungeons {the Minefield, drawn: 1}


   Skills:
 - Level 5.4 Fighting
 - Level 6.2 Short Blades
 - Level 10.1 Maces & Flails
 - Level 6.2 Throwing
 - Level 6.1 Dodging
 - Level 5.9 Stealth
 - Level 3.4 Spellcasting
 - Level 3.2 Conjurations
 - Level 2.0 Charms
 + Level 10.9 Fire Magic
 - Level 7.7 Invocations
 - Level 5.5 Evocations


You had 10 spell levels left.
You knew the following spells:

 Your Spells              Type           Power        Failure   Level  Hunger
a - Fire Brand            Chrm/Fire      ###.......   2%          2    ##.....
b - Fireball              Conj/Fire      ###.......   38%         5    ######.


Dungeon Overview and Level Annotations

Branches:
Dungeon (10/15)            Temple (1/1) D:6             Orc (0/4) D:9
   Lair (7/8) D:10          Swamp (0/5) Lair:6        Snake (0/5) Lair:6
 Spider (0/5) Lair:5
  Slime: Lair:6-8

Altars:
Ashenzari
Cheibriados
Dithmenos
Elyvilon
Fedhas
Kikubaaqudgha
Makhleb
Nemelex Xobeh
Okawaru
Sif Muna
Trog
Vehumet
Xom
Yredelemnul
Zin
The Shining One

Shops:
D:7 [

Annotations:
D:4 traurg's ghost, experienced TrMo
D:6 Sigmund


Innate Abilities, Weirdness & Mutations

You can breathe blasts of fire.
Your fiery red scales are hard (AC +8).
Your body does not fit into most forms of armour.
Your cold-blooded metabolism reacts poorly to cold.
Your flesh is heat resistant.


Message History

There are no unholy or evil weapons here to destroy!
Elyvilon is extremely pleased with you.
Use which ability? (? or * to list)
You beseech Elyvilon to protect your life.
The seven-headed hydra misses you.
The seven-headed hydra barely misses you.
The seven-headed hydra misses you.
The seven-headed hydra closely misses you.
The seven-headed hydra bites you!
* * * LOW HITPOINT WARNING * * *
The seven-headed hydra bites you.
You can no longer call upon Elyvilon for divine vigour.
Elyvilon protects you from harm! The seven-headed hydra misses you.
Read which item? (? for menu, Esc to quit)
As you read the scroll of teleportation, it crumbles to dust.
You feel strangely unstable.
The seven-headed hydra barely misses you.
The seven-headed hydra bites you.
You die...

.#..##.## ... #........###..
#...........# #............#
..............#
..............###
..............ยง.# .
..............D#### ..
......>........@..f# ##....
..................P# .#.....
....................###.......
..................P#..........
.................P...........<.
...................%.#.###....
...................##.##
..................P####
.....<...P........##


You could see a seven-headed hydra.

Vanquished Creatures
  Gastronok (D:8)
  Fannar (Lair:2)
  Urug (D:10)
  An oklob plant (Lair:3)
  2 black mambas
  5 elephants
  3 spiny frogs
  4 komodo dragons
  Grinder (D:4)
  A troll (D:10)
  A slime creature (D:9)
  3 wolves (Lair:6)
  2 basilisks
  A raiju (Abyss:1)
  A shark (Lair:4)
  18 yaks
  An elephant slug (Lair:3)
  2 wyverns
  2 hippogriffs
  A steam dragon (D:5)
  5 nagas (Lair:6)
  Edmund (D:8)
  Menkaure (D:6)
  A necrophage (D:10)
  3 water moccasins
  A soldier ant (D:10)
  9 spiders
  6 phantoms
  2 small abominations (Abyss:1)
  An ice beast (D:7)
  2 orc warriors
  4 porcupines
  4 sky beasts
  2 black bears
  7 ogres
  7 crocodiles
  4 centaurs
  A giant goldfish (Lair:6)
  A big kobold (D:7)
  5 giant slugs
  10 giant frogs
  Blork the orc (D:9)
  A water moccasin zombie (D:6)
  2 scorpions
  2 electric eels (Lair:3)
  10 killer bees
  3 goliath beetles
  3 crimson imps
  2 giant frog skeletons
  4 jellies
  3 quasits
  Crazy Yiuf (D:3)
  11 orc priests
  6 hounds
  7 iguanas
  18 orc wizards
  9 worker ants
  10 sheep
  Ijyb (D:3)
  Jessica (D:3)
  3 hound zombies
  Terence (D:3)
  A worker ant zombie (D:5)
  10 gnolls
  10 green rats
  A shadow imp (D:10)
  7 adders
  An inept feature mimic (D:6)
  A white imp (D:5)
  2 worms
  3 giant mites
  An adder zombie (D:5)
  2 orc zombies
  4 giant eyeballs
  5 giant geckos
  44 orcs
  2 ball pythons (D:4)
  8 bats
  8 giant cockroaches
  6 goblins
  6 hobgoblins
  9 jackals
  7 quokkas
  A giant gecko skeleton (D:5)
  A giant newt (D:1)
  A giant spore (D:8)
  A jackal skeleton (D:4)
  13 kobolds
  A kobold skeleton (D:4)
  A kobold zombie (D:5)
  2 orc skeletons (D:6)
  9 rats
  A rat skeleton (D:5)
  A spectral orc (D:9)
  A fungus (Lair:5)
399 creatures vanquished.

Vanquished Creatures (others)
  2 elephants (Lair:7)
  3 wolves (Lair:6)
  3 yaks
  A crocodile (Lair:2)
  2 big fish (Lair:4)
  An iguana (D:10)
  An orc wizard (D:9)
  3 adders
  2 green rats (Lair:3)
  9 orcs
  A bat (Lair:1)
  A hobgoblin (D:9)
  2 kobolds
  A quokka (D:9)
  A goblin (D:5)
  A lurking horror (Abyss:1)
  A rat (D:1)
  2 fungi (Lair:5)
  4 plants
  2 starspawn tentacles (Abyss:1)
  21 starspawn tentacle segments (Abyss:1)
64 creatures vanquished.

Grand Total: 463 creatures vanquished

Notes
Turn   | Place    | Note
--------------------------------------------------------------
     0 | D:1      | Indrah22, the Draconian Healer, began the quest for the Orb.
     0 | D:1      | Reached XP level 1. HP: 16/16 MP: 2/2
   492 | D:1      | Reached XP level 2. HP: 24/24 MP: 3/3
   848 | D:2      | Reached skill level 1 in Maces & Flails
  1470 | D:2      | Reached XP level 3. HP: 21/30 MP: 3/5
  1801 | D:3      | Noticed Crazy Yiuf
  1827 | D:3      | Killed Crazy Yiuf
  2076 | D:3      | Reached XP level 4. HP: 37/37 MP: 6/6
  2146 | D:3      | Noticed Terence
  2526 | D:3      | Killed Terence
  2686 | D:3      | Noticed Ijyb
  2704 | D:3      | Killed Ijyb
  2926 | D:3      | Noticed Jessica
  2937 | D:3      | Killed Jessica
  2937 | D:3      | Reached skill level 4 in Maces & Flails
  3169 | D:4      | Reached XP level 5. HP: 42/42 MP: 8/8
  3203 | D:4      | Reached skill level 1 in Throwing
  3268 | D:4      | Found a white marble altar of Elyvilon.
  3322 | D:4      | Noticed traurg's ghost (experienced TrMo)
  3447 | D:4      | Noticed an ogre
  4043 | D:4      | Paralysed by a giant eyeball for 4 turns
  4076 | D:4      | Reached XP level 6. HP: 30/49 MP: 10/10
  4626 | D:4      | Reached skill level 5 in Invocations
  4970 | D:4      | Killed an ogre
  4985 | D:4      | Noticed Grinder
  5011 | D:4      | Paralysed by Grinder for 4 turns
  5036 | D:4      | Killed Grinder
  5036 | D:4      | Your scales start taking on a fiery red colour.
  5036 | D:4      | Gained mutation: Your flesh is heat resistant. [draconian maturity]
  5036 | D:4      | Reached XP level 7. HP: 18/56 MP: 13/13
  5297 | D:4      | Found a shadowy altar of Dithmenos.
  5371 | D:4      | Reached skill level 1 in Stealth
  5718 | D:4      | Paralysed by a giant eyeball for 4 turns
  6029 | D:5      | Entered Level 5 of the Dungeon
  6279 | D:5      | Upgraded the game from 0.14.1-1-g650416f to 0.14.1-2-gf595e19
  6300 | D:5      | Reached XP level 8. HP: 58/62 MP: 15/15
  6362 | D:5      | Reached skill level 5 in Maces & Flails
  6411 | D:5      | Found a bloodstained altar of Trog.
  6790 | D:5      | Found an iron altar of Okawaru.
  7311 | D:5      | Reached skill level 5 in Short Blades
  7574 | D:6      | Found a bloodstained altar of Trog.
  7592 | D:6      | Reached skill level 6 in Short Blades
  7729 | D:6      | Reached XP level 9. HP: 52/69 MP: 17/17
  7827 | D:6      | Noticed Menkaure
  7837 | D:6      | Killed Menkaure
  7855 | D:6      | Acquired Elyvilon's third power
  7883 | D:6      | Noticed Sigmund
  7888 | D:6      | Cast into the Abyss (Sigmund)
  7888 | Abyss:1  | Found a corrupted altar of Lugonu.
  7980 | Abyss:1  | Found an ancient bone altar of Kikubaaqudgha.
  8183 | Abyss:1  | Noticed a wretched star
  8246 | Abyss:1  | Noticed a tentacled starspawn
  8246 | Abyss:1  | Noticed a lich
  8246 | Abyss:1  | Paralysed by a lich for 2 turns
  8361 | Abyss:1  | Noticed a large abomination
  8386 | Abyss:1  | Noticed a large abomination
  8386 | Abyss:1  | Noticed a rakshasa
  8390 | Abyss:1  | Noticed an apocalypse crab
  8390 | Abyss:1  | Noticed a thrashing horror
  8474 | Abyss:1  | Noticed a stone giant skeleton
  8586 | Abyss:1  | Noticed a shadow dragon simulacrum
  8610 | Abyss:1  | Noticed a starcursed mass
  8621 | Abyss:1  | Found a corrupted altar of Lugonu.
  8625 | Abyss:1  | Noticed a thrashing horror
  8693 | Abyss:1  | Noticed a sixfirhy
  8715 | Abyss:1  | Noticed a large abomination
  8724 | Abyss:1  | Gained mutation: Space occasionally distorts in your vicinity. [a neqoxec]
  8727 | Abyss:1  | Gained mutation: You are very weak. (Str -4) [a neqoxec]
  8732 | Abyss:1  | Noticed a hellwing
  8782 | Abyss:1  | Noticed a starcursed mass
  8882 | Abyss:1  | Noticed a smoke demon
  8905 | Abyss:1  | Noticed a kobold demonologist
  8928 | Abyss:1  | Reached skill level 5 in Fighting
  8964 | Abyss:1  | Noticed a profane servitor
  9054 | Abyss:1  | Noticed a worldbinder
  9058 | Abyss:1  | Noticed a tentacled starspawn
  9059 | Abyss:1  | Noticed a smoke demon
  9059 | Abyss:1  | Noticed a black mamba
  9210 | Abyss:1  | Noticed a thrashing horror
  9212 | Abyss:1  | Noticed a large abomination
  9385 | Abyss:1  | Noticed a thrashing horror
  9532 | Abyss:1  | Noticed a large abomination
  9626 | Abyss:1  | Noticed a rakshasa
  9677 | Abyss:1  | Noticed a guardian serpent
  9687 | Abyss:1  | Noticed a wretched star
  9688 | Abyss:1  | Noticed a revenant
  9754 | Abyss:1  | Noticed a tentacled starspawn
 10057 | D:6      | Escaped the Abyss
 10426 | D:6      | Reached skill level 5 in Stealth
 10473 | D:6      | Found a staircase to the Ecumenical Temple.
 10485 | Temple   | Entered the Ecumenical Temple
 11272 | D:7      | Reached skill level 5 in Throwing
 11423 | D:7      | Lost mutation: You are weak. (Str -2) [potion of cure mutation]
 11423 | D:7      | Lost mutation: Space occasionally distorts in your vicinity. [potion of cure mutation]
 11543 | D:7      | Found Micier's Antique Armour Shop.
 11639 | D:8      | Reached XP level 10. HP: 44/81 MP: 18/18
 11915 | D:8      | Found an iron altar of Okawaru.
 12275 | D:8      | Noticed Edmund
 12277 | D:8      | Found a shattered altar of Ashenzari.
 12318 | D:8      | Killed Edmund
 12561 | D:8      | Noticed Gastronok
 12582 | D:8      | Killed Gastronok
 12951 | D:9      | Noticed Blork the orc
 13210 | D:9      | Killed Blork the orc
 13213 | D:9      | Reached skill level 7 in Invocations
 13437 | D:9      | Found a staircase to the Orcish Mines.
 13516 | D:9      | Found a basalt altar of Yredelemnul.
 13605 | D:9      | Found a snail-covered altar of Cheibriados.
 13649 | D:9      | Learned a level 2 spell: Fire Brand
 13670 | D:9      | Found a blossoming altar of Fedhas.
 14034 | D:9      | Reached skill level 1 in Fire Magic
 14358 | D:9      | Found a burning altar of Makhleb.
 14383 | D:9      | Reached skill level 1 in Spellcasting
 14442 | D:9      | Found a deep blue altar of Sif Muna.
 14550 | D:10     | Entered Level 10 of the Dungeon
 14550 | D:10     | Found a staircase to the Lair.
 14570 | D:10     | Noticed a hill giant
 14619 | D:10     | Noticed Urug
 14662 | D:10     | Killed Urug
 14662 | D:10     | Reached XP level 11. HP: 49/88 MP: 22/22
 15075 | D:10     | Reached skill level 1 in Charms
 15765 | D:10     | Reached skill level 5 in Fire Magic
 15773 | Lair:1   | Entered Level 1 of the Lair of Beasts
 17141 | Lair:1   | Noticed a hill giant
 17302 | Lair:2   | Noticed Fannar
 17310 | Lair:2   | Killed Fannar
 17310 | Lair:2   | Reached skill level 8 in Maces & Flails
 18537 | Lair:3   | Reached skill level 9 in Maces & Flails
 19499 | Lair:3   | Reached skill level 10 in Maces & Flails
 19581 | Lair:3   | Reached skill level 1 in Evocations
 19749 | Lair:3   | Acquired Elyvilon's fourth power
 20277 | Lair:4   | Reached XP level 12. HP: 88/94 MP: 15/23
 21244 | Lair:5   | Reached skill level 5 in Evocations
 22086 | Lair:5   | Found a hole to the Spider Nest.
 22217 | Lair:2   | Learned a level 5 spell: Fireball
 22257 | Lair:4   | Reached skill level 1 in Conjurations
 23090 | Lair:6   | Found a staircase to the Swamp.
 23780 | Lair:6   | Found a staircase to the Snake Pit.
 25027 | Lair:6   | Reached skill level 10 in Fire Magic
 25336 | Lair:7   | Noticed a seven-headed hydra
 25342 | Lair:7   | HP: 3/94 [seven-headed hydra (8)]
 25342 | Lair:7   | Elyvilon protects you from harm!
 25343 | Lair:7   | Slain by a seven-headed hydra

Action                   |  1- 3 |  4- 6 |  7- 9 | 10-12 || total
-------------------------+-------+-------+-------+-------++-------
Melee: Unarmed           |    19 |       |       |       ||    19
       Whip              |    10 |       |       |       ||    10
       Mace              |   100 |   218 |   250 |    24 ||   592
       Short sword       |       |       |   132 |   206 ||   338
       Morningstar       |       |       |       |   556 ||   556
       Great mace        |       |       |       |     1 ||     1
 Fire: Blowgun           |       |    28 |    73 |    45 ||   146
Throw: Dart              |    10 |    40 |       |     1 ||    51
       Stone             |       |     1 |       |       ||     1
       Tomahawk          |       |    10 |    78 |   253 ||   341
       Javelin           |       |       |    15 |    37 ||    52
 Cast: Fire Brand        |       |       |       |    39 ||    39
Invok: Lesser Healing    |    19 |    13 |    39 |   154 ||   225
       Purification      |       |       |       |     2 ||     2
       Greater Healing   |       |       |       |    10 ||    10
       Greater Self-Heal |       |       |       |     5 ||     5
       Divine Protection |       |       |       |     2 ||     2
 Abil: Breathe Fire      |       |       |    16 |    52 ||    68
Evoke: Wand              |       |     1 |    22 |    24 ||    47
       Deck              |       |       |       |     1 ||     1
  Use: Scroll            |     6 |     5 |    21 |    18 ||    50
       Potion            |     3 |     5 |     6 |     6 ||    20
 Stab: Sleeping          |       |       |     5 |    11 ||    16
